 Dungeon Crawl Stone Soup version 0.30-a0-1066-g63dfefce0d (webtiles) character file.

Game seed: 4471905021476917240

272 BubbleThief the Cudgeller (level 6, -3/58 HPs)
             Began as a Naga Cinder Acolyte on Apr 12, 2023.
             Was a High Priest of Ignis.
             Slain by Terence
             ... wielding a +0 flail
              (6 damage)
             ... on level 2 of the Dungeon.
             The game lasted 00:02:44 (1646 turns).

BubbleThief the Cudgeller (Naga Cinder Acolyte)     Turns: 1646, Time: 00:02:45

Health: -3/58      AC:  3    Str: 18    XL:     6   Next: 23%
Magic:  7/7        EV:  9    Int: 14    God:    Ignis [*****.]
Gold:   77         SH:  0    Dex:  7    Spells: 5/7 levels left

rFire   + . .      SeeInvis +    a - -1 mace (flame)
rCold   + . .      Faith    .    (no shield)
rNeg    . . .      Spirit   .    b - +0 robe
rPois   +          Reflect  .    (no helmet)
rElec   .          Rampage  .    (no cloak)
rCorr   .                        (no gloves)
Will    .....                    (no barding)
Stlth   +                        (no amulet)
HPRegen 0.29/turn                e - ring of protection from cold
MPRegen 0.10/turn                (no ring)

@: short of breath, very slow
A: AC +2, large, see invisible, deformed body, poison resistance, slowness 2,
spit poison 1, naga tail 1
a: Spit Poison, Renounce Religion, Fiery Armour, Foxfire Swarm, Rising Flame


You were on level 2 of the Dungeon.
You worshipped Ignis.
Ignis was extremely pleased with you.
You visited 1 branch of the dungeon, and saw 2 of its levels.

You collected 77 gold pieces.

Inventory:

Hand Weapons
 a - a -1 mace of flaming (weapon)
Armour
 b - a +0 robe (worn)
Jewellery
 e - a ring of protection from cold (left hand)
Scrolls
 f - a scroll of fog {unknown}
 g - a scroll of immolation {unknown}
 h - a scroll of noise {unknown}
 i - 3 scrolls of fear {unknown}
Potions
 c - a potion of degeneration {unknown}
 d - a potion of curing {unknown}
 j - a potion of lignification {unknown}


   Skills:
 + Level 4.5 Fighting
 * Level 5.8 Maces & Flails
 - Level 1.0 Spellcasting
 - Level 3.0 Fire Magic


You had 5 spell levels left.
You knew the following spells:

 Your Spells              Type           Power      Damage    Failure   Level
a - Scorch                Fire           18%        2d5       12%         2

Your spell library contained the following spells:

 Spells                   Type           Power      Damage    Failure   Level
 Cigotuvi's Dreadful Rot  Necr/Pois/Air  0%         N/A       36%         2
 Sublimation of Blood     Necr           0%         N/A       36%         2
 Wereblood                Tmut           0%         N/A       36%         2
 Dispel Undead            Necr           0%         3d6       95%         4
 Death Channel            Necr           0%         N/A       100%        6
 Summon Hydra             Summ           0%         N/A       100%        7


Dungeon Overview and Level Annotations

Branches:
Dungeon (2/15)

Altars:

Annotations:
D:2 Terence


Innate Abilities, Weirdness & Mutations

Your serpentine skin is tough. (AC +2)
You have supernaturally acute eyesight. (SInv)
Armour fits poorly on your strangely shaped body.
Your system is resistant to poisons. (rPois)
You cover ground very slowly.
You can spit poison.
You have a snake-like lower body.


Message History

You have got your breath back.
Sigmund is no longer blind.
Sigmund closely misses you.
Throw: dart (atropa)
Press: ? - help, Q - select action, (/) - cycle Shift-Dir - straight line, f/p - Sigmund
Aim: Sigmund, wielding a +2 scythe of distortion and wearing a +0 robe (heavily wounded, poisoned, 50% to hit, chance to blind on hit: 75%)
You throw an atropa-tipped dart.
The atropa-tipped dart barely misses Sigmund.
The atropa-tipped dart hits Terence.
Terence appears confused.
Terence is severely wounded.
Unknown command.
Unknown command.
Aiming: Spit Poison (1% risk of failure)
Press: ? - help, Shift-Dir - straight line, f/p - Sigmund
Aim: Sigmund, wielding a +2 scythe of distortion and wearing a +0 robe (heavily wounded, poisoned, 54% to hit)
The splash of poison misses Sigmund.
Terence seems less confused.
Sigmund looks more healthy.
Sigmund barely misses you.
Unknown command.
Unknown command.
You hit Sigmund. You burn Sigmund.
Sigmund is severely wounded.
Sigmund hits you with a +2 scythe of distortion.
* * * LOW HITPOINT WARNING * * *
Space warps around you!
* * * LOW HITPOINT WARNING * * *
Unknown command.
Okay, then.
You sock Sigmund! You burn Sigmund.
You kill Sigmund!
You have got your breath back.
Your Maces & Flails skill increases to level 5!
You have reached level 6!
Your skin feels tougher.
Terence is no longer blind.
Terence says, "Don't bother to defend, it's senseless."
Terence completely misses you.
Aiming: Spit Poison (1% risk of failure)
Press: ? - help, Shift-Dir - straight line, f - Terence
Aim: Terence, wielding a +0 flail and wearing a +0 chain mail (severely wounded, 70% to hit)
The splash of poison misses Terence.
Terence hits you with a +0 flail.
You die...

#.@#+
#........####........
.....
#..............###...
......+.........####.#
#..< ......#.........#
#.###...
#............#
#...#... #........##
###.#... #(######.#
#.#...
#(######.#######.#...
#()@@......#.....####
#########..#.###...†.
######..#...#.....
##.......###.#.....
#..).....# #.......
#........# #.#.....
#........# ###.....
#........# ###.##
#........# #.##


You could see Terence.

Vanquished Creatures
  Sigmund (D:2)
  Natasha (thrice) (D:2)
  2 dart slugs (D:2)
  3 ball pythons
  A bat (D:1)
  6 endoplasms
  A giant cockroach (D:1)
  2 goblins
  4 hobgoblins
  4 jackals (D:1)
  4 kobolds
  5 rats
36 creatures vanquished.

Notes
Turn   | Place    | Note
-------+----------+-------------------------------------------
     0 | D:1      | BubbleThief the Naga Cinder Acolyte began the quest for the
                  | Orb.
     0 | D:1      | Reached XP level 1. HP: 21/21 MP: 2/2
    49 | D:1      | Reached XP level 2. HP: 12/28 MP: 3/3
    52 | D:1      | Learned a level 2 spell: Scorch
   990 | D:2      | Noticed Natasha
   996 | D:2      | Killed Natasha
   997 | D:2      | Reached skill level 4 in Maces & Flails
   997 | D:2      | Reached XP level 3. HP: 8/34 MP: 4/4
  1291 | D:2      | Reached XP level 4. HP: 43/43 MP: 5/5
  1316 | D:2      | Noticed Natasha
  1323 | D:2      | Killed Natasha
  1449 | D:2      | Noticed Natasha
  1457 | D:2      | Killed Natasha
  1621 | D:2      | Noticed Terence
  1625 | D:2      | Reached XP level 5. HP: 48/50 MP: 6/6
  1625 | D:2      | Noticed Sigmund
  1643 | D:2      | HP: 1/50 [Sigmund/+2 scythe of distortion (7)]
  1644 | D:2      | Killed Sigmund
  1645 | D:2      | Reached skill level 5 in Maces & Flails
  1645 | D:2      | Reached XP level 6. HP: 2/58 MP: 7/7
  1646 | D:2      | Slain by Terence

Illustrated notes

Levels and vault maps discovered:
D:1:      lightli_arrival_statuegarden, layout_loops_corners
D:2:      layout_basic, shapermc_ecumenical_altar_petra, uniq_natasha,
          uniq_terence, uniq_sigmund

Skill      XL: |  1  2  3  4  5 |
---------------+----------------+-----
Maces & Flails | 4 5 |  5.8
Fighting       | 4 |  4.5
Spellcasting   | |  1.0
Fire Magic     | |  3.0

Action                     |  1- 3 |  4- 6 || total
---------------------------+-------+-------++-------
  Melee: Mace              |    34 |    26 ||    60
  Throw: Dart              |       |     6 ||     6
 Invoke: Fiery Armour      |     1 |       ||     1
Ability: Spit Poison       |    21 |    12 ||    33
 Armour: Robe              |     9 |     6 ||    15
  Dodge: Dodged            |    22 |    14 ||    36

Table legend: (Time is in decaauts)
 A = Elapsed time spent in this place.
 B = Non-inter-level travel time spent in this place.
 C = Inter-level travel time spent in this place.
 D = Time resting spent in this place.
 E = Time spent auto-exploring this place.
 F = Levels seen in this place.
 G = Mean time per level.
                   A        B        C        D        E       F      G
               +--------+--------+--------+--------+--------+-----+--------+
         Total |   2113 |   2060 |     53 |      0 |   1813 |   2 | 1056.5 |
       Dungeon |   2113 |   2060 |     53 |      0 |   1813 |   2 | 1056.5 |
               +--------+--------+--------+--------+--------+-----+--------+

Top non-repeatable levels by time:
     D:1: 1275 daAuts
     D:2: 837 daAuts
